 Dungeon Crawl Stone Soup version 0.24-a0-48-g0ecae65 (webtiles) character file.

Game seed: 11403220556792145374

41 Geeful the Sneak (level 3, 0/21 HPs)
             Began as an Octopode Wizard on Feb 3, 2019.
             Slain by a worm (9 damage)
             ... on level 2 of the Dungeon.
             The game lasted 00:07:01 (1671 turns).

Geeful the Sneak (Octopode Wizard)                  Turns: 1671, Time: 00:07:02

Health: 0/21       AC:  1    Str:  6    XL:     3   Next: 52%
Magic:  7/7        EV: 13    Int: 21    God:
Gold:   118        SH:  0    Dex: 10    Spells: 5/8 levels left

rFire    . . .     SeeInvis .   b - +2 short sword (flame)
rCold    . . .     Gourm    .   (no shield)
rNeg     . . .     Faith    .   l - +0 hat
rPois    .         Spirit   .   p - amulet of magic regeneration
rElec    .         Reflect  .   (no ring)
rCorr    .         Harm     .   (no ring)
MR       .....                  (no ring)
Stlth    +++.......             (no ring)
HPRegen  0.07/turn              (no ring)
MPRegen  0.35/turn              (no ring)
                                (no ring)
                                (no ring)

@: no status effects
A: almost no armour, stealthy swim, amphibious, 8 rings, constrict 8, camouflage
1, gelatinous body 1
a: no special abilities


You were on level 2 of the Dungeon.
You were not hungry.

You visited 1 branch of the dungeon, and saw 2 of its levels.

You collected 118 gold pieces.

Inventory:

Hand Weapons
 a - a +5 dagger
 b - a +2 short sword of flaming (weapon)
 j - a +0 dagger
Missiles
 g - 28 stones (quivered)
Armour
 l - a +0 hat (worn)
Jewellery
 p - an amulet of magic regeneration (around mantle)
Scrolls
 e - 2 scrolls of teleportation
 f - a scroll of remove curse
 k - a scroll of fear {unknown}
Potions
 d - a potion of mutation
 h - a potion of agility
 i - a potion of curing
 n - 2 potions of invisibility
 r - a potion of magic {unknown}
Comestibles
 c - 5 rations


   Skills:
 + Level 2.5 Dodging
 + Level 3.6 Stealth
 + Level 3.3 Spellcasting
 + Level 1.7 Conjurations
   Level 1.0 Summonings
 - Level 1.0 Translocations


You had 5 spell levels left.
You knew the following spells:

 Your Spells              Type           Power        Failure   Level  Hunger
a - Magic Dart            Conj           ##..         6%          1    None
b - Blink                 Tloc           N/A          13%         2    ##.....

Your spell library contained the following spells:

 Spells                   Type           Power        Failure   Level  Hunger
 Call Imp                 Summ           #.......     13%         2    ##.....
 Slow                     Hex            #.......     21%         2    ##.....
 Conjure Flame            Conj/Fire      #.......     26%         3    ###....
 Mephitic Cloud           Conj/Pois/Air  #.......     30%         3    ###....


Dungeon Overview and Level Annotations

Branches:
Dungeon (2/15)

Altars:


Innate Abilities, Weirdness & Mutations

You cannot wear most types of armour.
You are very stealthy in the water. (Stealth+)
You are amphibious.
You can wear up to eight rings at the same time.
You can use your tentacles to constrict eight enemies at once.
Your skin changes colour to match your surroundings (Stealth+).
Your rubbery body absorbs attacks. (AC +1, EV +1)


Message History

You now have 118 gold pieces (gained 4).
You see here a +0 club.
The worm is too close now for your liking.
You see here a potion of degeneration.
No target in view!
No target in view!
The worm is too close now for your liking.
The worm is too close now for your liking.
You hit the worm. You grab the worm.
The worm is moderately wounded.
You constrict the worm. The worm bites you!
Ouch! That really hurt!
Your +2 short sword of flaming bursts into flame!
b - a +2 short sword of flaming (weapon)
You constrict the worm.
You are too injured to fight recklessly!
You hit the worm. You burn the worm.
The worm is heavily wounded.
You constrict the worm. The worm bites you!
You die...

#.....#.##..###.######...#####.
#.....#.##.## ##.#...........#.
#..........# #.......".......
#.....#.##.## ##.#...<.......#.
#.....#.###>###.####.#...#.##..
#######........## #.#.........
######...# #.#...#.####
######## #...#####.#...#.# #
.......# #..@w..##)##.##.# #
.#####.##### #.####.##.......#
#
.####......###.##.........####
....#......!...##.#.#######
.##.#...##.###.##.#.# #########
.##.....##.# #......##
#........ ...^...###.#
#.......####.#######
#####.####.# #.#.#........# #
#......# #.#..##.####.# #


You could see a worm.

Vanquished Creatures
  An adder (D:2)
  A dart slug (D:1)
  A leopard gecko (D:2)
  2 bats
  3 giant cockroaches (D:1)
  3 goblins
  6 hobgoblins
  A ball python (D:1)
  2 frilled lizards
  4 kobolds (D:2)
  2 rats (D:1)
26 creatures vanquished.

Notes
Turn   | Place    | Note
-------+----------+-------------------------------------------
     0 | D:1      | Geeful the Octopode Wizard began the quest for the Orb.
     0 | D:1      | Reached XP level 1. HP: 11/11 MP: 4/4
   197 | D:1      | Reached XP level 2. HP: 16/17 MP: 1/6
   201 | D:1      | Learned a level 2 spell: Blink
   850 | D:2      | Reached XP level 3. HP: 19/21 MP: 7/7
   925 | D:2      | HP: 1/21 [worm (6)]
  1671 | D:2      | Slain by a worm

Vault maps used:
D:1:      saegor_arrival_simple_b, minmay_misc_feat_pillars
D:2:      first_ration

Skill      XL: |  1 |
---------------+----+-----
Stealth        | 3 |  3.6
Dodging        | |  2.5
Spellcasting   | |  3.3
Conjurations   | |  1.7
Summonings     | |  1.0
Translocations | |  1.0

Action                   || total
-------------------------++-------
Melee: Unarmed           ||    35
       Constrict         ||    15
       Tentacles         ||     8
       Dagger            ||    25
       Short sword       ||     1
 Cast: Magic Dart        ||    16
  Use: Scroll            ||     9
 Stab: Sleeping          ||     7
  Eat: Chunk             ||     2
Armor: Skin              ||     3
Dodge: Dodged            ||    34

Table legend:
 A = Non-vault XP
 B = Vault XP
 C = Vault XP percentage of total XP
 D = Non-vault monster count
 E = Vault monster count
 F = Vault count percentage of total count
                 A         B        C        D         E       F
            +---------+---------+-------+---------+---------+-------
      Total |      59 |       0 |   0.0 |      26 |       0 |   0.0
            +---------+---------+-------+---------+---------+-------
        D:1 |      28 |       0 |   0.0 |      15 |       0 |   0.0
        D:2 |      31 |       0 |   0.0 |      11 |       0 |   0.0
            +---------+---------+-------+---------+---------+-------
